 Dungeon Crawl Stone Soup version 0.27.1-4-g1640c2035a (webtiles) character file.

Game seed: 9867805444024376969

373 ZappyNine the Ruffian (level 6, -3/62 HPs)
             Began as a Troll Fighter on Nov 7, 2021.
             Was a Follower of Uskayaw.
             Slain by a kobold brigand (9 damage)
             ... on level 4 of the Dungeon.
             The game lasted 00:04:38 (1775 turns).

ZappyNine the Ruffian (Troll Fighter)               Turns: 1775, Time: 00:04:39

Health: -3/62      AC:  4    Str: 23 (25) XL:     6   Next: 43%
Magic:  15/15      EV:  7    Int:  2 (4)  God:    Uskayaw [*.....]
Gold:   43         SH:  8    Dex:  8 (11) Spells: 5/5 levels left

rFire    . . .     SeeInvis .     - Unarmed
rCold    . . .     Faith    .   b - +0 kite shield
rNeg     . . .     Spirit   .   a - +0 robe
rPois    .         Reflect  .   (helmet restricted)
rElec    .         Harm     .   (no cloak)
rCorr    .         Rampage  .   (gloves unavailable)
Will     .....                  (boots unavailable)
Stlth    +.........             (no amulet)
HPRegen  1.20/turn              k - ring of magical power
MPRegen  0.14/turn              (no ring)

@: hasted, very quick
A: large, unfitting armour, claws 3, regeneration 1, shaggy fur 1, tough skin 1,
hooves 1, horns 1
a: Renounce Religion, Stomp


You were on level 4 of the Dungeon.
You worshipped Uskayaw.
Uskayaw was noncommittal.
You visited 2 branches of the dungeon, and saw 4 of its levels.

You collected 43 gold pieces.

Inventory:

Missiles
 e - 5 atropa-tipped darts (quivered)
Armour
 a - a +0 robe (worn)
 b - a +0 kite shield (worn)
Jewellery
 k - a ring of magical power (left claw)
Wands
 i - a wand of mindburst (13)
Scrolls
 g - a scroll of identify {unknown}
 h - a scroll of immolation {unknown}
 n - a scroll of acquirement {unknown}
 o - a scroll of blinking {unknown}
 p - a scroll of teleportation {unknown}
Potions
 c - a potion of resistance {unknown}
 m - a potion of ambrosia {unknown}


   Skills:
 + Level 4.2 Fighting
 - Level 2.4 Dodging
 - Level 2.4 Shields
 + Level 4.6 Unarmed Combat
 + Level 2.3 Invocations


You had 5 spell levels left.
You didn't know any spells.
Your spell library was empty.

Dungeon Overview and Level Annotations

Branches:
Dungeon (4/15)             Temple (1/1) D:4

Altars:
Ashenzari
Cheibriados
Dithmenos
Elyvilon
Fedhas
Gozag
Hepliaklqana
Kikubaaqudgha
Makhleb
Nemelex Xobeh
Okawaru
Qazlal
Ru
Sif Muna
Trog
Uskayaw
Vehumet
Wu Jian
Xom
Zin
The Shining One


Innate Abilities, Weirdness & Mutations

You are too large for most types of armour.
You have claws for hands.
Your natural rate of healing is unusually fast.
You are covered in fur. (AC +1)
You have tough skin. (AC +1)
You have large cloven feet.
You have a pair of small horns on your head.


Message History

The gnoll hits you from afar with a +0 spear!
* * * LOW HITPOINT WARNING * * *
Unknown command.
Unknown command.
There is an open door here.
Items here: ))) †††.
There is an open door here.
You close the door.
An orc opens the door.
You see here a +0 short sword.
You barely miss the orc. Your kick misses the orc.
The orc is almost dead.
You claw the orc!
You kill the orc!
You block the gnoll's attack. The gnoll hits you with a +0 spear!
* * * LOW HITPOINT WARNING * * *
Things that are here:
a +0 short sword; a +0 ring mail; an orc corpse You claw the gnoll!
You kick the gnoll.
The gnoll is almost dead.
The kobold brigand barely misses you.
You closely miss the gnoll. Your headbutt misses the gnoll.
The gnoll is almost dead.
The gnoll hits you but does no damage.
The kobold brigand hits you but does no damage.
You scratch the gnoll but do no damage.
The gnoll is severely wounded.
The gnoll hits you with a +0 spear.
* * * LOW HITPOINT WARNING * * *
The kobold brigand barely misses you.
You closely miss the gnoll.
You headbutt the gnoll, but do no damage.
The gnoll is severely wounded.
The gnoll hits you with a +0 spear!
* * * LOW HITPOINT WARNING * * *
You barely miss the gnoll.
The gnoll is severely wounded.
The kobold brigand hits you with a +0 club!
You die...

#######################..########
..............................)..
P...≈≈≈≈≈≈≈≈≈≈≈≈≈≈≈≈≈≈≈....≈≈≈≈≈≈
....≈≈≈≈≈≈≈≈≈≈≈≈≈≈≈≈≈≈≈...))≈≈≈≈≈
....≈≈#####≈≈≈≈≈≈≈≈≈≈≈≈....≈)≈≈≈≈
....≈≈#...#..............))).....
...P≈≈#...#############')))######
....≈≈###'#...........#....#.....
....≈≈≈.#.'....g@....))....).)...
....≈≈≈.#.#....K.....)#....#.....
....≈≈≈.#.#######################
.P..≈≈≈.#))o...#.'..............'
....≈≈≈.#......#.#..............#
....≈≈≈.#.###g##.#......).......#
....≈≈≈.#.#..K.'.#...))..)...)..#
....≈≈≈.#.#...)###'############'#
....≈≈###'#....)........##.....)g


You could see a kobold brigand and a gnoll.

Vanquished Creatures
  A howler monkey (D:4)
  A hound (D:4)
  2 orc wizards (D:4)
  16 gnolls (D:4)
  An adder (D:4)
  An adder skeleton (D:4)
  17 orcs (D:4)
  4 ball pythons
  2 bats
  2 endoplasms (D:1)
  6 goblins
  5 hobgoblins (D:1)
  14 jackals
  2 kobolds (D:1)
  A frilled lizard (D:1)
75 creatures vanquished.

Vanquished Creatures (others)
  A plant (D:4)
1 creature vanquished.

Grand Total: 76 creatures vanquished

Notes
Turn   | Place    | Note
-------+----------+-------------------------------------------
     0 | D:1      | ZappyNine the Troll Fighter began the quest for the Orb.
     0 | D:1      | Reached XP level 1. HP: 22/22 MP: 0/0
    52 | D:1      | Found a faded altar of an unknown god.
   145 | D:1      | Reached XP level 2. HP: 27/29 MP: 1/1
   816 | D:2      | You fall into a shaft and drop 2 floors!
   866 | D:4      | Reached XP level 3. HP: 37/37 MP: 2/2
   901 | D:4      | Found a staircase to the Ecumenical Temple.
   939 | Temple   | Entered the Ecumenical Temple
  1216 | Temple   | Became a worshipper of Uskayaw the Reveller
  1272 | D:4      | Reached * piety under Uskayaw
  1290 | D:4      | Reached ** piety under Uskayaw
  1320 | D:4      | Reached *** piety under Uskayaw
  1321 | D:4      | Reached XP level 4. HP: 38/45 MP: 3/3
  1322 | D:4      | Reached **** piety under Uskayaw
  1423 | D:4      | Reached skill level 1 in Invocations
  1423 | D:4      | Reached XP level 5. HP: 39/54 MP: 4/4
  1599 | D:4      | Reached XP level 6. HP: 50/62 MP: 6/6
  1741 | D:4      | Gained mutation: You have a pair of small horns on your
                  | head. [potion of mutation]
  1741 | D:4      | Gained mutation: You have large cloven feet. [potion of
                  | mutation]
  1744 | D:4      | HP: 1/62 [gnoll (7)]
  1775 | D:4      | Slain by a kobold brigand

Illustrated notes

Levels and vault maps discovered:
D:1:      minmay_arrival_stone_box, layout_basic, basic_ecumenical_altar,
          nrook_mini_vaults, minmay_tree_intersection,
          chequers_serial_rivers_room_b
D:2:      layout_basic
D:4:      lemuel_castle_with_subvaults [lemuel_castle_interior_carwin_1],
          layout_basic, minmay_temple_entry_wispy
Temple:   nicolae_temple_the_god_donut

Skill      XL: |  1  2  3  4  5  6 |
---------------+-------------------+-----
Fighting       | 3 4 |  4.2
Unarmed Combat | 3 4 |  4.6
Invocations    | 1 2 |  2.3
Dodging        | |  2.4
Shields        | |  2.4

Action                   |  1- 3 |  4- 6 || total
-------------------------+-------+-------++-------
Melee: Unarmed           |    98 |   135 ||   233
       Kick              |       |     2 ||     2
       Headbutt          |       |     1 ||     1
  Use: Potion            |     1 |     5 ||     6
 Stab: Paralysed         |       |     2 ||     2
Armor: Robe              |    37 |    56 ||    93
Dodge: Dodged            |    28 |    64 ||    92
Block: Kite shield       |    55 |   109 ||   164
